 Dungeon Crawl Stone Soup version 0.30.1-9-gdf580d7c3d (webtiles) character file.

Game seed: 337897583025280611

609 danielguo94 the Cudgeller (level 7, -13/43 HPs)
             Began as a Gargoyle Fighter on Oct 10, 2023.
             Mangled by an ogre
             ... wielding a +0 giant spiked club
              (14 damage)
             ... on level 5 of the Dungeon.
             The game lasted 00:04:26 (3421 turns).

danielguo94 the Cudgeller (Gargoyle Fighter)        Turns: 3421, Time: 00:04:26

Health: -13/43     AC: 15    Str: 21    XL:     7   Next: 43%
Magic:  7/7        EV:  8    Int:  9    God:
Gold:   167        SH: 10    Dex:  9    Spells: 6/6 levels left

rFire   . . .        a - +0 flail
rCold   . . .        k - +2 kite shield
rNeg    + . .        b - +0 scale mail
rPois   ∞            j - +2 helmet
rElec   +            (no cloak)
rCorr   .            (no gloves)
SInv    .            (no boots)
Will    .....        (no amulet) Stlth
                     (no ring)
HPRegen 0.27/turn    (no ring)
MPRegen 0.10/turn

%: no passive effects
@: no status effects
A: sickness immunity, AC +4, negative energy resistance 1, electricity
resistance, torment resistance 1, petrification resistance
a: no special abilities


You were on level 5 of the Dungeon.
You visited 1 branch of the dungeon, and saw 5 of its levels.
You also visited: Sewer.

You collected 167 gold pieces.

Inventory:

Hand Weapons
 a - a +0 flail (weapon)
Missiles
 c - 6 javelins
 g - 7 poisoned darts (quivered)
 h - 6 boomerangs
 n - a curare-tipped dart
Armour
 b - a +0 scale mail (worn)
 j - a +2 helmet (worn)
 k - a +2 kite shield (worn)
Wands
 r - a wand of flame (7)
Scrolls
 f - a scroll of vulnerability {unknown}
 l - 2 scrolls of poison
 m - a scroll of summoning
 p - a scroll of fog
 q - a scroll of teleportation
Potions
 d - a potion of cancellation
 e - a potion of flight {unknown}
 i - a potion of ambrosia
 o - 2 potions of haste
 s - a potion of attraction {unknown}


   Skills:
 + Level 4.2 Fighting
 * Level 6.0 Maces & Flails
 + Level 4.3 Armour
 + Level 1.3 Dodging
 + Level 4.7 Shields


You had 6 spell levels left.
You didn't know any spells.
Your spell library was empty.

Dungeon Overview and Level Annotations

Branches:
Dungeon (6/15)              Sewer (visited)
 Temple: D:4-7

Altars:
Gozag
Qazlal
Wu Jian


Innate Abilities, Weirdness & Mutations

You are immune to sickness and miasma.
Your stone body is resilient. (AC +4)
You are immune to poison.
You resist negative energy. (rN+)
You are resistant to electric shocks. (rElec)
You are resistant to unholy torment.
You are immune to petrification.


Message History

You kill the orc!
No target in view!
No target in view!
No target in view!
No target in view!
No target in view!
There is a stone staircase leading up, spattered with blood here.
You see here a +0 hand axe.
You start resting.
HP restored.
You climb upwards.
The ogre shouts!
Found 15 gold pieces.
There is a stone staircase leading down here.
You climb downwards.
There is a stone staircase leading up, spattered with blood here.
You see here a +0 hand axe.
Unknown command.
Unknown command.
You climb upwards.
There is a stone staircase leading down here.
You block the ogre's attack.
You sock the ogre!
The ogre is moderately wounded.
The ogre closely misses you.
You hit the ogre.
The ogre is moderately wounded.
You hit the ogre.
The ogre is moderately wounded.
The ogre hits you with a +0 giant spiked club!
You thump the ogre!
The ogre is severely wounded.
The ogre hits you with a +0 giant spiked club!!
Ouch! That really hurt!
* * * LOW HITPOINT WARNING * * *
You are too injured to fight recklessly!
You are too injured to fight recklessly!
You are too injured to fight recklessly!
The ogre hits you with a +0 giant spiked club!
You die...

.. ##. ..
... #.#
.. ##..#
#.####...
#......#
#O....#
#.@$..#
+..>..#
#.....#
#.....#
#.....#
#.....#
#.....#
#######


You could see an ogre.

Vanquished Creatures
  A centaur (D:6)
  2 kobold brigands (Sewer)
  A scorpion (D:6)
  A gnoll sergeant (D:6)
  A hound (D:6)
  Robin (D:2)
  3 gnolls (D:6)
  8 adders
  3 river rats (Sewer)
  A white imp (D:6)
  3 worms
  3 dart slugs
  3 orcs
  6 ball pythons
  8 endoplasms
  2 giant cockroaches
  6 goblins
  6 hobgoblins
  4 jackals (Sewer)
  7 bats
  3 frilled lizards (Sewer)
  9 kobolds
  7 rats
89 creatures vanquished.

Notes
Turn   | Place    | Note
-------+----------+-------------------------------------------
     0 | D:1      | danielguo94 the Gargoyle Fighter began the quest for the
                  | Orb.
     0 | D:1      | Reached XP level 1. HP: 14/14 MP: 1/1
   221 | D:1      | Reached XP level 2. HP: 15/19 MP: 2/2
   635 | D:2      | Reached XP level 3. HP: 23/23 MP: 3/3
   902 | D:2      | Noticed Robin
  1044 | D:2      | Reached skill level 3 in Maces & Flails
  1140 | D:2      | Killed Robin
  1153 | D:2      | Reached XP level 4. HP: 15/28 MP: 4/4
  1373 | D:2      | Found a faded altar of an unknown god.
  2051 | D:3      | Found a glowing drain.
  2060 | Sewer    | Entered a sewer
  2104 | Sewer    | Reached skill level 4 in Maces & Flails
  2104 | Sewer    | Reached XP level 5. HP: 32/33 MP: 5/5
  2264 | Sewer    | Noticed a kobold brigand
  2297 | Sewer    | Killed a kobold brigand
  2312 | Sewer    | Reached XP level 6. HP: 37/38 MP: 6/6
  2523 | Sewer    | Reached skill level 5 in Maces & Flails
  2523 | Sewer    | Reached skill level 1 in Dodging
  2879 | D:3      | Found an ornate altar of the Wu Jian Council.
  3012 | D:3      | You fall into a shaft and drop 3 floors!
  3073 | D:6      | Reached XP level 7. HP: 36/43 MP: 7/7
  3156 | D:6      | Found a stormy altar of Qazlal.
  3157 | D:6      | Found an opulent altar of Gozag.
  3370 | D:6      | Reached skill level 6 in Maces & Flails
  3411 | D:5      | Entered Level 5 of the Dungeon
  3420 | D:5      | HP: 1/43 [ogre/+0 giant spiked club (25)]
  3421 | D:5      | Mangled by an ogre

Illustrated notes

Levels and vault maps discovered:
D:1:      scummos_arrival_simple_crosswalls, layout_rooms, minivault_11,
          columned_hall_lemuel
D:2:      layout_basic, shapermc_ecumenical_altar_acropolis, uniq_robin
D:3:      layout_loops_ring, nicolae_elyvilon_temple_path,
          nicolae_overflow_crystal_walls, portal_sewer_entry_d,
          minmay_misc_feat_secret_circle
D:5:      layout_basic, grunt_temple_overflow_holy_war
D:6:      layout_loops_ring, riverfiend_overflow_shadow_ancestor,
          chequers_temple_overflow_statue_of_worship

Skill      XL: |  1  2  3  4  5  6  7 |
---------------+----------------------+-----
Maces & Flails | 3 4 5 6 |  6.0
Shields        | 4 |  4.7
Fighting       | 4 |  4.2
Armour         | 4 |  4.3
Dodging        | 1 |  1.3

Action                     |  1- 3 |  4- 6 |  7- 9 || total
---------------------------+-------+-------+-------++-------
  Melee: Flail             |   136 |   252 |    72 ||   460
    Use: Scroll            |     2 |     7 |       ||     9
         Potion            |     1 |       |     3 ||     4
 Armour: Scale mail        |    98 |   141 |    28 ||   267
  Dodge: Dodged            |    92 |    94 |    18 ||   204
  Block: Buckler           |    33 |     8 |       ||    41
         Kite shield       |       |   125 |    52 ||   177
